 Dungeon Crawl Stone Soup version 0.18.1-6-gd335043 (webtiles) character file.

46 Gingerlord the Skirmisher (level 3, -1/30 HPs)
             Began as a Formicid Abyssal Knight on May 17, 2016.
             Was a Follower of Lugonu.
             Slain by an adder (2 damage)
             ... on level 2 of the Dungeon.
             The game lasted 00:02:46 (1518 turns).

Gingerlord the Skirmisher (Formicid Abyssal Knight) Turns: 1518, Time: 00:02:46

Health: -1/30      AC:  6    Str: 16    XL:     3   Next: 92%
Magic:  4/4        EV:  7    Int: 11    God:    Lugonu [*.....]
Gold:   70         SH:  7    Dex: 11    Spells: 0 memorised, 2 levels left

rFire  + . .     SeeInvis +     a - +1 falchion
rCold  + . .     Gourm    .     n - +0 ring mail
rNeg   . . .     Faith    .     b - +0 shield
rPois  +         Spirit   .     (helmet unavailable)
rElec  +         Dismiss  .     f - +0 cloak
rCorr  +         Reflect  .     (no gloves)
SustAt .         Harm     .     (no boots)
MR     .....                    (no amulet)
Stlth  ++........               o - ring of stealth
                                m - ring of flight

@: lethally poisoned (-1 -> -3), resistant, drained, not resistant to hostile
enchantments, unstealthy
A: permanent stasis, dig shafts and tunnels, four strong arms, antennae 3
a: Dig, Shaft Self, Depart the Abyss, Renounce Religion, Evoke Flight


You were on level 2 of the Dungeon.
You worshipped Lugonu.
Lugonu was aware of your devotion.
You were very hungry.

You visited 1 branch of the dungeon, and saw 2 of its levels.
You visited the Abyss 1 time.

You collected 70 gold pieces.

Inventory:

Hand Weapons
 a - a +1 falchion (weapon)
Armour
 b - a +0 shield (worn)
 f - a +0 cloak (worn)
 n - a +0 ring mail (worn)
Jewellery
 m - a ring of flight (left hand)
 o - a ring of stealth (right hand)
Scrolls
 g - a scroll of immolation {unknown}
 h - a scroll of noise {unknown}
 j - 4 scrolls of identify {unknown}
 k - 2 scrolls of amnesia {unknown}
 l - 2 scrolls of teleportation {unknown}
Potions
 e - 2 potions of resistance
Comestibles
 c - 2 bread rations
 d - a beef jerky
 i - a slice of pizza


   Skills:
 + Level 3.9(2.8) Fighting
 + Level 2.3(1.2) Long Blades
 + Level 2.9(1.8) Armour
 + Level 1.1(0.1) Dodging
 + Level 0.2(0.0) Shields
 + Level 2.5(1.5) Invocations


You had 2 spell levels left.
You didn't know any spells.

Dungeon Overview and Level Annotations

Branches:
Dungeon (2/15)

Altars:


Innate Abilities, Weirdness & Mutations

You are under a permanent stasis effect.
You can dig through walls and to a lower floor.
Your four strong arms can wield two-handed weapons with a shield.
You have a pair of large antennae on your head (SInv).


Message History

You feel sick. You block the adder's attack. x2
You closely miss the adder.
The adder is severely wounded.
The adder bites you but does no damage. x2
You miss the adder.
The adder is severely wounded.
The adder bites you but does no damage.
You completely miss the adder.
The adder is severely wounded.
You feel sick. The adder barely misses you. The adder closely misses you.
You barely miss the adder.
The adder is severely wounded.
The adder barely misses you. The adder bites you.
* * * LOW HITPOINT WARNING * * *
You barely miss the adder.
The adder is severely wounded.
The adder bites you.
* * * LOW HITPOINT WARNING * * *
The adder bites you.
You die...

# #...#. ##.# #.#...##.
#.#. ....#... #.. #.....#
{ ##.###### #..#.#
#>.@SK.)###....
#..##.....#..#. .#
#..##.....#..#.###.# ##
####...%........#...#.#
.........#......##.##.....
.[..
..##.##.###.....##.#."...#
.#.#####.##.##.
###............. .#....
..##.##. ####.#........
.....# #.##.# #
#.####...##


You could see an adder and a kobold.

Vanquished Creatures
  An adder (D:2)
  2 dart slugs
  2 giant geckos (D:1)
  2 hobgoblins (D:1)
  4 jackals (D:2)
  4 kobolds (D:1)
  6 bats
  3 giant newts (D:1)
  3 goblins
  5 rats
32 creatures vanquished.

Notes
Turn   | Place    | Note
--------------------------------------------------------------
     0 | Abyss:1  | Gingerlord the Formicid Abyssal Knight began the quest for the Orb.
     0 | Abyss:1  | Reached XP level 1. HP: 18/18 MP: 2/2
   103 | Abyss:1  | Noticed an ancient zyme
   105 | D:1      | Escaped the Abyss
   482 | D:1      | Reached XP level 2. HP: 24/24 MP: 3/3
   567 | D:1      | Reached * piety under Lugonu
  1103 | D:1      | Reached XP level 3. HP: 30/30 MP: 4/4
  1193 | D:1      | Reached skill level 1 in Dodging
  1518 | D:2      | HP: 1/30 [adder (1)]
  1518 | D:2      | Slain by an adder

Skill      XL: |  1  2  3 |
---------------+----------+-----
Dodging        | 1 |  1.1
Fighting       | |  3.9
Long Blades    | |  2.3
Armour         | |  2.9
Shields        | |  0.2
Invocations    | |  2.5

Action                   || total
-------------------------++-------
Melee: Falchion          ||   131
Invok: Depart the Abyss  ||     1
  Use: Potion            ||     1
  Eat: Chunk             ||     1
Armor: Leather armour    ||    16
       Ring mail         ||    60
Dodge: Dodged            ||    74
Block: Shield            ||    29
